 Dungeon Crawl Stone Soup version 0.30-a0-847-g17996783a1 (webtiles) character file.

Game seed: 7682450964313012841

1102 retardedninja the Shield-Bearer (level 8, -3/61 (67) HPs)
             Began as a Gnoll Fighter on Mar 3, 2023.
             Was an Initiate of Gozag.
             Slain by a wight
             ... wielding a +5 war axe of freezing
              (5 damage)
             ... on level 6 of the Dungeon.
             The game lasted 00:06:59 (6531 turns).

retardedninja the Shield-Bearer (Gnoll Fighter)     Turns: 6531, Time: 00:06:59

HP:   -3/61 (67)    AC: 14    Str: 18    XL:     8   Next: 32%
MP:   12/12         EV:  8    Int: 14    God:    Gozag
Gold: 251           SH:  0    Dex: 11    Spells: 13/13 levels left

rFire   . . .      SeeInvis .    o - +0 mace (heavy)
rCold   . . .      Faith    .    c - +0 buckler
rNeg    . . .      Spirit   .    p - +0 chain mail
rPois   .          Reflect  .    s - +2 helmet
rElec   .          Rampage  .    (no cloak)
rCorr   +                        (no gloves)
Will    .....                    (no boots) Stlth
                                 (no amulet)
HPRegen 0.30/turn                h - ring of resist corrosion
MPRegen 0.13/turn                t - +6 ring of intelligence

@: confused, ambrosia-drunk, drained
A: fangs 1, strong nose, distributed training
a: Renounce Religion, Potion Petition, Call Merchant, Bribe Branch


You were on level 6 of the Dungeon.
You worshipped Gozag.
Gozag was aware of your devotion.
You visited 2 branches of the dungeon, and saw 7 of its levels.

You collected 320 gold pieces.
You paid 69 gold pieces to Gozag.

Inventory:

Hand Weapons
 o - a +0 heavy mace (weapon)
Missiles
 j - 3 javelins (quivered)
Armour
 c - a +0 buckler (worn)
 p - a +0 chain mail (worn)
 s - a +2 helmet (worn)
Jewellery
 h - a ring of resist corrosion (left hand)
 t - a +6 ring of intelligence (right hand)
Scrolls
 a - a scroll of teleportation {unknown}
 b - 2 scrolls of vulnerability {unknown}
 e - 2 scrolls of blinking
 f - 2 scrolls of amnesia {unknown}
 k - a scroll of poison {unknown}
Potions
 d - a potion of brilliance {unknown}
 l - 2 potions of curing
 m - a potion of lignification
 n - a potion of magic
 q - 2 potions of ambrosia
 r - a potion of attraction


   Skills:
 + Level 7.4 Fighting
 + Level 3.3 Short Blades
 + Level 3.3 Long Blades
 + Level 3.3 Axes
 + Level 5.7 Maces & Flails
 + Level 3.3 Polearms
 + Level 3.3 Staves
 + Level 3.3 Ranged Weapons
 + Level 3.3 Throwing
 + Level 7.4 Armour
 + Level 3.3 Dodging
 + Level 3.3 Stealth
 + Level 7.4 Shields
 + Level 3.3 Unarmed Combat
 + Level 3.3 Spellcasting
 + Level 2.6 Conjurations
 + Level 2.6 Hexes
 + Level 2.6 Summonings
 + Level 2.6 Necromancy
 + Level 2.6 Translocations
 + Level 2.6 Transmutations
 + Level 2.6 Fire Magic
 + Level 2.6 Ice Magic
 + Level 2.6 Air Magic
 + Level 2.6 Earth Magic
 + Level 2.6 Poison Magic
 + Level 3.6 Invocations
 + Level 3.3 Evocations


You had 13 spell levels left.
You didn't know any spells.
Your spell library contained the following spells:

 Spells                   Type           Power      Damage    Failure   Level
 Scorch                   Fire           18%        2d6       78%         2
 Portal Projectile        Hex/Tloc       18%        N/A       95%         3
 Tukima's Dance           Hex            9%         N/A       95%         3
 Airstrike                Air            4%         2d(1-17)  100%        4
 Flame Wave               Conj/Fire      9%         2d6       100%        4
 Summon Lightning Spire   Summ/Air       9%         N/A       100%        4
 Blade Hands              Tmut           4%         N/A       100%        5
 Lightning Bolt           Conj/Air       4%         1d16      100%        5
 Summon Cactus Giant      Summ           4%         N/A       100%        6


Dungeon Overview and Level Annotations

Branches:
Dungeon (6/15)             Temple (1/1) D:5

Altars:
Ashenzari
Cheibriados
Dithmenos
Elyvilon
Gozag
Hepliaklqana
Kikubaaqudgha
Makhleb
Nemelex Xobeh
Qazlal
Ru
Sif Muna
Uskayaw
Vehumet
Xom
Yredelemnul
Zin
The Shining One

Annotations:
D:4 1 runed translucent door, Crazy Yiuf


Innate Abilities, Weirdness & Mutations

You have very sharp teeth.
Your uncanny sense of smell can sniff out nearby items.
Your experience applies equally to all skills.


Message History

The wight hits you with a +5 short sword of freezing!
The wight freezes you. The wight hits you with a +4 dagger.
You feel drained.
You bludgeon the wight!!
You destroy the wight!
You hit the wight. You bite the wight, but do no damage.
The wight is lightly damaged.
You block the wight's attack.
The wight hits you with a +5 war axe of freezing.
You feel drained. The wight freezes you.
The wight hits you with a +5 short sword of freezing.
The wight freezes you.
The wight hits you with a +5 war axe of freezing!
* * * LOW HITPOINT WARNING * * *
You feel drained.
* * * LOW HITPOINT WARNING * * *
The wight freezes you.
* * * LOW HITPOINT WARNING * * *
You feel much better. You block the wight's attack.
The wight barely misses you.
You are confused.
You feel invigorated. The wight barely misses you.
The wight hits you with a +5 war axe of freezing!
* * * LOW HITPOINT WARNING * * *
The wight freezes you.
* * * LOW HITPOINT WARNING * * *
You miss the wight. The wight closely misses you. The wight barely misses you.
The wight hits you but does no damage. The wight closely misses you.
You hit the wight.
The wight is lightly damaged.
The wight hits you with a +5 short sword of freezing.
The wight freezes you. The wight hits you but does no damage.
You bump into the rock wall.
The wight hits you with a +5 short sword of freezing!
The wight freezes you.
* * * LOW HITPOINT WARNING * * *
The wight hits you with a +5 war axe of freezing!
* * * LOW HITPOINT WARNING * * *
You feel drained.
You die...
Your body crumbles into a pile of gold.

#.# #.#
#.# #.#
#.# #.#
#.#
#######z#
......z@#
#########


You could see 2 wights.

Vanquished Creatures
  Prince Ribbit (D:5)
  A black bear (D:4)
  A centaur (D:5)
  A phantom (D:4)
  A bullfrog (D:5)
  A scorpion (D:5)
  2 wights (D:6)
  A jelly (D:4)
  An orc priest (D:5)
  An iguana (D:5)
  A sleepcap (D:5)
  4 orc wizards (D:5)
  4 gnolls (D:5)
  11 adders
  An ufetubus (D:5)
  A worm (D:2)
  3 dart slugs
  14 orcs
  3 bats
  4 endoplasms
  3 giant cockroaches
  2 goblins (D:1)
  2 hobgoblins (D:1)
  4 jackals (D:5)
  4 kobolds
  4 quokkas
  5 ball pythons
  3 frilled lizards
  4 rats
88 creatures vanquished.

Notes
Turn   | Place    | Note
-------+----------+-------------------------------------------
     0 | D:1      | retardedninja the Gnoll Fighter began the quest for the
                  | Orb.
     0 | D:1      | Reached XP level 1. HP: 23/23 MP: 1/1
   218 | D:1      | Reached XP level 2. HP: 28/29 MP: 2/2
   755 | D:2      | Reached XP level 3. HP: 25/35 MP: 3/3
  1061 | D:2      | Reached skill level 1 in Invocations
  1528 | D:2      | Reached skill level 1 in Short Blades
  1528 | D:2      | Reached skill level 1 in Long Blades
  1528 | D:2      | Reached skill level 1 in Axes
  1528 | D:2      | Reached skill level 1 in Polearms
  1528 | D:2      | Reached skill level 1 in Staves
  1528 | D:2      | Reached skill level 1 in Ranged Weapons
  1528 | D:2      | Reached skill level 1 in Throwing
  1528 | D:2      | Reached skill level 1 in Dodging
  1528 | D:2      | Reached skill level 1 in Stealth
  1528 | D:2      | Reached skill level 1 in Unarmed Combat
  1528 | D:2      | Reached skill level 1 in Spellcasting
  1528 | D:2      | Reached skill level 1 in Evocations
  2083 | D:3      | Reached XP level 4. HP: 41/41 MP: 5/5
  2117 | D:3      | Found a faded altar of an unknown god.
  2394 | D:3      | Reached skill level 1 in Conjurations
  2394 | D:3      | Reached skill level 1 in Hexes
  2394 | D:3      | Reached skill level 1 in Summonings
  2394 | D:3      | Reached skill level 1 in Necromancy
  2394 | D:3      | Reached skill level 1 in Translocations
  2394 | D:3      | Reached skill level 1 in Transmutations
  2394 | D:3      | Reached skill level 1 in Fire Magic
  2394 | D:3      | Reached skill level 1 in Ice Magic
  2394 | D:3      | Reached skill level 1 in Air Magic
  2394 | D:3      | Reached skill level 1 in Earth Magic
  2394 | D:3      | Reached skill level 1 in Poison Magic
  2851 | D:4      | Noticed a phantom
  2862 | D:4      | Killed a phantom
  2863 | D:4      | Reached XP level 5. HP: 46/47 MP: 5/7
  3065 | D:4      | Reached XP level 6. HP: 30/53 MP: 8/8
  3297 | D:4      | Found a runed translucent door.
  3298 | D:4      | Noticed Crazy Yiuf
  3383 | D:4      | Reached skill level 5 in Maces & Flails
  3559 | D:5      | Entered Level 5 of the Dungeon
  3559 | D:5      | Noticed a black bear
  3637 | D:4      | Killed a black bear
  3983 | D:5      | Reached XP level 7. HP: 55/60 MP: 10/10
  4947 | D:5      | Found a staircase to the Ecumenical Temple.
  5087 | Temple   | Entered the Ecumenical Temple
  5093 | Temple   | Became a worshipper of Gozag Ym Sagoz the Greedy
  5225 | D:5      | Noticed Prince Ribbit
  5240 | D:5      | Killed Prince Ribbit
  5241 | D:5      | Reached XP level 8. HP: 32/67 MP: 12/12
  6531 | D:6      | HP: 2/63 [wight/+5 war axe of freezing (13)]
  6531 | D:6      | Slain by a wight

Illustrated notes

Levels and vault maps discovered:
D:1:      nicolae_arrival_washed_ashore, layout_loops_ring
D:2:      layout_loops_corners
D:3:      layout_loops_ring, basic_ecumenical_altar, minmay_door_square
D:4:      layout_cave_pools, kennysheep_small_spiral, kennysheep_generic_room_2,
          uniq_crazy_yiuf_cottage
D:5:      layout_layer_cave, minmay_temple_entry_junction, uniq_prince_ribbit1
D:6:      layout_loops_ring, pdpol_wu_jian_five_deadly_venoms,
          ebering_ghost_sewer_d, minmay_misc_feat_cross, serial_park_tiny_1
Temple:   dpeg_three_leaves_temple

Skill      XL: |  1  2  3  4  5  6  7 |
---------------+----------------------+-----
Invocations    | 1 2 3 |  3.6
Short Blades   | 1 2 3 |  3.3
Long Blades    | 1 2 3 |  3.3
Axes           | 1 2 3 |  3.3
Polearms       | 1 2 3 |  3.3
Staves         | 1 2 3 |  3.3
Ranged Weapons | 1 2 3 |  3.3
Throwing       | 1 2 3 |  3.3
Dodging        | 1 2 3 |  3.3
Stealth        | 1 2 3 |  3.3
Unarmed Combat | 1 2 3 |  3.3
Spellcasting   | 1 2 3 |  3.3
Evocations     | 1 2 3 |  3.3
Conjurations   | 1 2 |  2.6
Hexes          | 1 2 |  2.6
Summonings     | 1 2 |  2.6
Necromancy     | 1 2 |  2.6
Translocations | 1 2 |  2.6
Transmutations | 1 2 |  2.6
Fire Magic     | 1 2 |  2.6
Ice Magic      | 1 2 |  2.6
Air Magic      | 1 2 |  2.6
Earth Magic    | 1 2 |  2.6
Poison Magic   | 1 2 |  2.6
Maces & Flails | 5 |  5.7
Fighting       | 7 |  7.4
Armour         | 7 |  7.4
Shields        | 7 |  7.4

Action                     |  1- 3 |  4- 6 |  7- 9 || total
---------------------------+-------+-------+-------++-------
  Melee: Flail             |    91 |       |       ||    91
         Bite              |     9 |     9 |     4 ||    22
         Mace              |       |    71 |    91 ||   162
  Throw: Javelin           |    18 |    23 |       ||    41
    Use: Potion            |       |     1 |     5 ||     6
         Scroll            |       |     9 |     2 ||    11
 Armour: Scale mail        |    33 |       |       ||    33
         Chain mail        |       |   101 |   134 ||   235
  Dodge: Dodged            |    47 |    71 |    86 ||   204
  Block: Buckler           |    28 |    56 |    52 ||   136

Table legend: (Time is in decaauts)
 A = Elapsed time spent in this place.
 B = Non-inter-level travel time spent in this place.
 C = Inter-level travel time spent in this place.
 D = Time resting spent in this place.
 E = Time spent auto-exploring this place.
 F = Levels seen in this place.
 G = Mean time per level.
                   A        B        C        D        E       F      G
               +--------+--------+--------+--------+--------+-----+--------+
         Total |   6670 |   6368 |    302 |   1843 |   3619 |   7 |  952.9 |
       Dungeon |   6586 |   6298 |    288 |   1843 |   3563 |   6 | 1097.7 |
        Temple |     83 |     69 |     14 |      0 |     56 |   1 |   83.0 |
               +--------+--------+--------+--------+--------+-----+--------+

Top non-repeatable levels by time:
     D:5: 2311 daAuts
     D:4: 1434 daAuts
     D:2: 1326 daAuts
     D:3: 785 daAuts
     D:1: 694 daAuts
  Temple: 83 daAuts
     D:6: 33 daAuts
